 Dungeon Crawl Stone Soup version 0.20.1-2-g1830e616b0 (webtiles) character file.

46307 prikolics the Geomancer (level 14, -1/80 HPs)
             Began as a Gargoyle Earth Elementalist on Nov 2, 2019.
             Was a High Priest of Vehumet.
             Slain by an ogre
             ... wielding a +0 giant club
              (7 damage)
             ... on level 2 of the Orcish Mines on Nov 3, 2019.
             The game lasted 02:24:07 (20716 turns).

prikolics the Geomancer (GrEE)                     Turns: 20716, Time: 02:24:08

Health: -1/80      AC: 20    Str: 17    XL:     14   Next: 36%
Magic:  8/30       EV: 13    Int: 22    God:    Vehumet [*****.]
Gold:   1377       SH: 11    Dex: 12    Spells: 21/38 levels left

rFire    + . .     SeeInvis .   T - staff of wizardry
rCold    x . .     Gourm    .   q - +1 shield {AC+3}
rNeg     + . .     Faith    .   O - +0 robe "Qoxatsoame" {MR+ Str+6 Dex+2}
rPois    ∞         Spirit   .   P - +0 hat
rElec    +         Reflect  .   D - +0 cloak
rCorr    .         Harm     .   h - +1 pair of gloves
MR       ++...                  (no boots)
Stlth    ++........             (no amulet)
Regen    0.3/turn               c - ring of fire
MPRegen  0.3/turn               U - +2 ring of protection

@: flying, very slightly contaminated, hasted, very quick
A: big wings, negative energy resistance 1, electricity resistance, unbreathing,
petrification resistance, rot immunity, AC +9
a: Stop Flying, Renounce Religion


You were on level 2 of the Orcish Mines.
You worshipped Vehumet.
Vehumet was extremely pleased with you.
You were not hungry.

You visited 4 branches of the dungeon, and saw 19 of its levels.

You collected 1377 gold pieces.

Inventory:

Missiles
 b - 45 stones (quivered)
Armour
 h - a +1 pair of gloves (worn)
 q - a +1 shield of protection (worn)
 D - a +0 cloak (worn)
 O - the +0 robe "Qoxatsoame" (worn) {MR+ Str+6 Dex+2}
   (You found it on level 9 of the Dungeon)

   It affects your strength (+6).
   It affects your dexterity (+2).
   It affects your resistance to hostile enchantments.
 P - a +0 hat (worn)
Magical Staves
 e - an uncursed staff of earth
 T - an uncursed staff of wizardry (weapon)
Jewellery
 c - a ring of fire (left hand)
 n - an uncursed ring of wizardry {unknown}
 U - a +2 ring of protection (right hand)
Wands
 r - a wand of iceblast (9/15)
 t - a wand of flame (8/48)
 B - a wand of digging (3/24)
 E - a wand of clouds (7/9)
 L - a wand of clouds (2/9)
 Q - a wand of scattershot (4/9)
Scrolls
 f - 2 scrolls of blinking
 k - 8 scrolls of teleportation
 m - 3 scrolls of recharging
 o - 5 scrolls of magic mapping
 p - 7 scrolls of remove curse
 u - 2 scrolls of immolation {unknown}
 C - 5 scrolls of enchant armour {unknown}
 G - 2 scrolls of fog {unknown}
 R - a scroll of fear {unknown}
 X - 3 scrolls of torment {unknown}
Potions
 g - a potion of ambrosia
 i - 3 potions of cancellation
 l - 2 potions of might
 x - a potion of resistance
 z - 6 potions of curing
 A - 3 potions of haste
 F - a potion of brilliance {unknown}
 H - 2 potions of invisibility
 I - a potion of lignification {unknown}
 K - 3 potions of mutation {unknown}
 S - 2 potions of magic {unknown}
 Y - a potion of agility {unknown}
Comestibles
 a - 9 royal jellies
 d - 8 bread rations
 j - 8 chunks of flesh


   Skills:
 + Level 6.7 Fighting
   Level 7.8(8.1) Maces & Flails
 + Level 2.8(5.7) Staves
 + Level 4.8 Armour
 + Level 6.5 Dodging
 - Level 2.1 Stealth
 - Level 7.0 Shields
 + Level 12.8 Spellcasting
 + Level 7.3 Conjurations
   Level 0.7 Transmutations
 + Level 3.0 Fire Magic
 + Level 14.5 Earth Magic


You had 21 spell levels left.
You knew the following spells:

 Your Spells              Type           Power        Failure   Level  Hunger
a - Sandblast             Erth           ######       1%          1    None
b - Stone Arrow           Conj/Erth      ######       1%          3    None
c - Lee's Rapid Deconstr  Erth           ######....   1%          5    ###....
d - Iskenderun's Mystic   Conj           #####...     1%          4    None
e - Sticky Flame          Conj/Fire      ######..     1%          4    None


Dungeon Overview and Level Annotations

Branches:
Dungeon (10/15)            Temple (1/1) D:6            Lair (6/6) D:9
  Swamp (0/4) Lair:4        Snake (0/4) Lair:4        Slime (0/5) Lair:6
    Orc (2/2) D:10            Elf (0/3) Orc:2

Altars:
Cheibriados
Fedhas
Kikubaaqudgha
Ru
Sif Muna
Trog
Vehumet
Yredelemnul
The Shining One
Jiyva

Shops:
D:5 [   Orc:2 }(

Annotations:
Lair:5 Snorg
Lair:6 1 runed door


Innate Abilities, Weirdness & Mutations

You are resistant to torment.
Your stone body is resilient. (AC +9)
You are immune to poison.
Your large and strong wings let you fly indefinitely.
You resist negative energy. (rN+)
You are resistant to electric shocks. (rElec)
You can survive without breathing.
You are immune to petrification.
You are immune to rotting.


Message History

Found Huniuci's Weapon Emporium and Meanas's Gadget Emporium.
A cyclops comes into view.
The cyclops throws a large rock.
The large rock closely misses you.
You see here a large rock.
The two-headed ogre hits you with a giant club!
* * * LOW HITPOINT WARNING * * *
The two-headed ogre completely misses you.
You feel better. You block the ogre's attack.
The two-headed ogre hits you but does no damage.
The two-headed ogre hits you with a dire flail!
* * * LOW HITPOINT WARNING * * *
A two-headed ogre comes into view.
It is wielding a dire flail and a giant club.
You feel yourself speed up. You block the two-headed ogre's attack.
The two-headed ogre barely misses you. The troll barely misses you.
The troll claws you!
* * * LOW HITPOINT WARNING * * *
You block the troll's attack. You block the two-headed ogre's attack.
The two-headed ogre hits you but does no damage.
The ogre hits you with a giant club!
You die...

,**..,*
#..............,,****
,**,,,* ##......#....,,,**
,,*,,,* #.......###.#,*,**
,***,,**##.##.o.h####*,,,*
,,,*,,,,*######o..#.##*,**
,,,,,,∩...#.....O....#.,,*
,,,,,,,.....∩..OT......,**
,∩,,,,,........OT.#.##,**
,,,,,,,.......OO@..##***
,,,,,,,.......OO#.##
,,,,,,,..........##
,,,,,,,....∩......*
,,,**,...#....C..#*
,,,,*##...#.....##
,,,**#...##.O...#****
.,####....##O#..,**,**
..#.#.....#.....,,,,,*


You could see 5 two-headed ogres, a cyclops, 2 trolls, a warg, 4 ogres, an orc
priest and an orc.

Vanquished Creatures
  5 hydras
  Erolcha (D:10)
  A two-headed ogre (D:9)
  5 death yaks
  An orc high priest (Orc:1)
  Nergalle (Lair:4)
  An unseen horror (D:10)
  2 wolf spiders (Lair:6)
  An orc knight (Orc:1)
  2 orc sorcerers (Orc:1)
  A deep elf mage (Orc:1)
  4 elephants
  Joseph (Lair:1)
  A molten gargoyle (Lair:4)
  The ghost of PeterLawrence the Cudgeler, a novice MiFi (D:4)
  A guardian serpent (Lair:6)
  8 black mambas
  20 spiny frogs
  4 rime drakes
  4 trolls
  Grinder (D:3)
  3 tyrant leeches
  2 hornets (Lair:6)
  4 blink frogs (Lair:6)
  7 hippogriffs
  2 redbacks (Lair:6)
  10 wyverns
  4 basilisks
  19 yaks
  A hungry ghost (D:10)
  2 steam dragons (D:10)
  2 wargs (Orc:1)
  19 water moccasins
  6 porcupines
  21 orc warriors
  9 ogres
  5 ice beasts
  A phantom (D:9)
  2 sky beasts (D:10)
  25 wolves
  3 centaurs
  13 crocodiles
  17 bullfrogs
  A gnoll sergeant (D:9)
  A water moccasin zombie (D:9)
  A wyvern skeleton (D:10)
  4 scorpions
  3 electric eels
  A lava snake (Lair:4)
  A jelly (D:9)
  4 crimson imps
  5 hounds
  7 orc priests
  2 bullfrog skeletons
  A centaur skeleton (D:9)
  14 orc wizards
  7 iguanas
  5 worker ants
  2 hound skeletons
  3 gnolls (D:9)
  A howler monkey zombie (D:10)
  15 adders
  A shadow imp (D:9)
  2 oozes
  An adder zombie (D:7)
  3 adder skeletons
  2 worms
  3 dart slugs
  5 leopard geckos
  46 orcs
  A ball python (D:2)
  6 bats
  8 giant cockroaches
  8 goblins
  5 hobgoblins
  7 jackals
  6 kobolds
  4 quokkas
  7 frilled lizards
  A leopard gecko skeleton (D:7)
  A quokka skeleton (D:7)
  A quokka zombie (D:10)
  9 rats
448 creatures vanquished.

Vanquished Creatures (others)
  21 fungi (Lair:6)
  27 plants
48 creatures vanquished.

Grand Total: 496 creatures vanquished

Notes
Turn   | Place    | Note
-------+----------+-------------------------------------------
     0 | D:1      | prikolics the Gargoyle Earth Elementalist began the quest for the Orb.
     0 | D:1      | Reached XP level 1. HP: 10/10 MP: 3/3
   373 | D:1      | Reached skill level 4 in Earth Magic
   373 | D:1      | Reached XP level 2. HP: 15/15 MP: 5/5
   698 | D:1      | Reached XP level 3. HP: 16/19 MP: 6/6
   703 | D:1      | Learned a level 3 spell: Stone Arrow
  1857 | D:2      | Reached XP level 4. HP: 18/24 MP: 7/7
  2515 | D:3      | Reached skill level 1 in Fighting
  2549 | D:3      | Noticed Grinder
  2550 | D:3      | Reached XP level 5. HP: 26/29 MP: 7/9
  2712 | D:4      | Reached skill level 5 in Earth Magic
  2717 | D:4      | Noticed PeterLawrence's ghost (novice MiFi)
  3245 | D:4      | Reached XP level 6. HP: 35/35 MP: 5/10
  3535 | D:3      | Paralysed by Grinder for 6 turns
  3597 | D:5      | Entered Level 5 of the Dungeon
  3698 | D:4      | Reached skill level 5 in Fighting
  3698 | D:4      | Reached skill level 5 in Spellcasting
  3698 | D:4      | Reached skill level 7 in Earth Magic
  3698 | D:4      | Reached XP level 7. HP: 43/44 MP: 10/14
  4623 | D:5      | Found Ylylimi's Antique Armour Boutique.
  4982 | D:6      | Noticed a moth of wrath
  4986 | D:6      | Found a bloodstained altar of Trog.
  5170 | D:6      | Found a staircase to the Ecumenical Temple.
  5190 | Temple   | Entered the Ecumenical Temple
  5239 | Temple   | Became a worshipper of Vehumet
  5532 | D:6      | Reached XP level 8. HP: 49/49 MP: 15/15
  6168 | D:7      | Reached skill level 5 in Maces & Flails
  7227 | D:7      | Reached XP level 9. HP: 50/54 MP: 12/17
  7233 | D:7      | Reached * piety under Vehumet
  7233 | D:7      | Offered knowledge of Shock by Vehumet.
  7246 | D:7      | Learned a level 5 spell: Lee's Rapid Deconstruction
  7524 | D:8      | Reached skill level 8 in Earth Magic
  8148 | D:9      | Found a staircase to the Lair.
  8324 | D:9      | Noticed a two-headed ogre
  8499 | D:4      | Killed PeterLawrence's ghost
  8735 | D:3      | Killed Grinder
  8992 | D:9      | Found Ekiuporch's Book Boutique.
  9018 | D:9      | Reached XP level 10. HP: 52/60 MP: 16/19
  9226 | D:9      | Killed a two-headed ogre
  9322 | D:9      | Reached ** piety under Vehumet
  9322 | D:9      | Offered knowledge of Throw Flame by Vehumet.
  9322 | D:9      | Reached skill level 9 in Earth Magic
  9621 | D:9      | Got a steaming robe
  9632 | D:9      | Identified the cursed +0 robe "Qoxatsoame" {MR+ Str+6 Dex+2} (You found it on level 9 of the Dungeon)
  9722 | D:10     | Entered Level 10 of the Dungeon
  9969 | Lair:1   | Entered Level 1 of the Lair of Beasts
 10387 | Lair:1   | Reached XP level 11. HP: 56/64 MP: 20/22
 10415 | Lair:1   | Offered knowledge of Inner Flame by Vehumet.
 10629 | Lair:1   | Noticed Joseph
 10792 | Lair:1   | Killed Joseph
 10891 | Lair:1   | Reached *** piety under Vehumet
 10935 | Lair:1   | Learned a level 4 spell: Iskenderun's Mystic Blast
 11473 | Lair:2   | Reached skill level 10 in Earth Magic
 11593 | Lair:2   | Reached skill level 1 in Staves
 12569 | Lair:3   | Offered knowledge of Sticky Flame by Vehumet.
 12575 | Lair:3   | Learned a level 4 spell: Sticky Flame
 12747 | Lair:3   | Reached skill level 5 in Dodging
 12887 | Lair:3   | Noticed a six-headed hydra
 12894 | Lair:3   | Killed a six-headed hydra
 13266 | Lair:4   | Noticed a seven-headed hydra
 13312 | Lair:3   | Reached skill level 11 in Earth Magic
 13375 | Lair:4   | Killed a seven-headed hydra
 13468 | Lair:4   | Noticed Nergalle
 13526 | Lair:4   | Reached XP level 12. HP: 42/70 MP: 9/25
 13750 | Lair:4   | Killed Nergalle
 13875 | Lair:4   | Found a staircase to the Snake Pit.
 13914 | Lair:4   | Found a staircase to the Swamp.
 14266 | Lair:4   | Reached skill level 5 in Conjurations
 14498 | Lair:5   | Noticed Snorg
 14958 | Lair:5   | Reached skill level 12 in Earth Magic
 15103 | Lair:5   | Noticed a six-headed hydra
 15112 | Lair:5   | Killed a six-headed hydra
 15112 | Lair:5   | Reached skill level 10 in Spellcasting
 15112 | Lair:5   | Reached skill level 1 in Fire Magic
 15306 | Lair:6   | Entered Level 6 of the Lair of Beasts
 15747 | Lair:6   | Noticed a death yak
 15747 | Lair:6   | Noticed a death yak
 15851 | Lair:6   | Noticed a seven-headed hydra
 15856 | Lair:6   | Killed a seven-headed hydra
 16202 | Lair:5   | Reached **** piety under Vehumet
 16455 | Lair:6   | Offered knowledge of Bolt of Draining by Vehumet.
 16518 | Lair:6   | Reached XP level 13. HP: 75/75 MP: 12/27
 16737 | Lair:6   | Reached skill level 13 in Earth Magic
 16772 | Lair:6   | Found a runed door.
 16773 | Lair:6   | Found a viscous altar of Jiyva.
 16773 | Lair:6   | Noticed an acid blob
 16775 | Lair:6   | Noticed an acid blob
 16776 | Lair:6   | Found a staircase to the Slime Pits.
 17953 | Lair:6   | Reached ***** piety under Vehumet
 18143 | Lair:6   | Offered knowledge of Spellforged Servitor by Vehumet.
 18382 | Lair:6   | Reached skill level 14 in Earth Magic
 18854 | Lair:6   | Gained mutation: Your large and strong wings let you fly indefinitely. [Gargoyle growth]
 18854 | Lair:6   | Reached XP level 14. HP: 80/80 MP: 21/30
 19410 | D:10     | Noticed Erolcha
 19416 | D:10     | Killed Erolcha
 19459 | D:10     | Found a staircase to the Orcish Mines.
 20000 | Orc:1    | Entered Level 1 of the Orcish Mines
 20244 | Orc:2    | Entered Level 2 of the Orcish Mines
 20663 | Orc:1    | Noticed an orc warlord
 20712 | Orc:2    | Found Huniuci's Weapon Emporium.
 20712 | Orc:2    | Found Meanas's Gadget Emporium.
 20716 | Orc:2    | Slain by an ogre

Skill      XL: |  1  2  3  4  5  6  7  8  9 10 11 12 13 14 |
---------------+-------------------------------------------+-----
Earth Magic    | 4 5 7 8 9 11 12 14 | 14.5
Dodging        | 2 3 4 5 6 |  6.5
Fighting       | 1 2 5 6 |  6.7
Spellcasting   | 3 5 6 7 9 10 12 | 12.8
Maces & Flails | 4 5 6 7 |  7.8
Armour         | 4 |  4.8
Shields        | 6 7 |  7.0
Conjurations   | 4 5 6 7 |  7.3
Staves         | 2 |  2.8
Fire Magic     | 1 2 3 |  3.0
Stealth        | |  2.1
Transmutations | |  0.7

Action                   |  1- 3 |  4- 6 |  7- 9 | 10-12 | 13-15 || total
-------------------------+-------+-------+-------+-------+-------++-------
Melee: Unarmed           |    11 |       |       |       |       ||    11
       Short sword       |   156 |    75 |       |       |       ||   231
       Mace              |       |    21 |       |       |       ||    21
       Flail             |       |    36 |    33 |       |       ||    69
       Morningstar       |       |       |   290 |   185 |       ||   475
       Staff             |       |       |       |   122 |   159 ||   281
 Cast: Sandblast         |     8 |    26 |    79 |   268 |   136 ||   517
       Stone Arrow       |       |       |       |    13 |    61 ||    74
       Iskenderun's Myst |       |       |       |    29 |     8 ||    37
       Lee's Rapid Decon |       |       |       |     3 |    26 ||    29
       Sticky Flame      |       |       |       |    20 |    86 ||   106
 Abil: Fly               |       |       |       |       |     1 ||     1
Evoke: Wand              |       |       |       |       |     2 ||     2
  Use: Scroll            |     6 |     4 |     6 |     9 |     2 ||    27
       Potion            |       |     1 |       |     1 |     3 ||     5
 Stab: Sleeping          |     3 |     4 |     3 |     2 |       ||    12
  Eat: Chunk             |     3 |     5 |    10 |     9 |    12 ||    39
       Bread ration      |       |     1 |       |       |       ||     1
       Fruit             |       |       |     3 |       |       ||     3
       Meat ration       |       |       |     1 |     3 |     1 ||     5
Armor: Robe              |    66 |    64 |    39 |   155 |   132 ||   456
       Leather armour    |       |       |   125 |    23 |       ||   148
Dodge: Dodged            |   111 |   114 |   143 |   225 |   168 ||   761
Block: Shield            |       |       |   191 |   312 |   234 ||   737
